bitch, neutral male human Tourist --.-.-- |.....-################################# ------ |.....| ------- # |.)..| |.....| |.....| ##-....| ------ |......# |.....| |....| |.....##################...(..|# # |.....| #-....| |....| ##-------# ### # # #......| ##--.--- |#...-########------ ###########`############o###`##-.----- # ------ #.....| ###` * # #########a@############# # |....| * ## #-----------# # # |....| ####|.........| # # |>....###############|.........| ### # |....| # ..........| # # ------ |.........| -.---- # |.........| |....| # |.........+ |>...| ---.------- --.-------- |....| #-......<..| # |....-#####|.........| ------ ----------- bitch the Sightseer Experience level: 5 Strength: 12 Dexterity: 11 Constitution: 18 Intelligence: 11 Wisdom: 8 Charisma: 16 Health: 0(55) Energy: 20(20) Def: 2 Gold: 659 Moves: 2385 Dungeon seed: QbP-GTQgROL1T1to Game ID: bitch_1572080885 Your Inventory: Coins $ - 659 gold pieces Weapons a - 8 +2 darts (in quiver) u - 11 +0 darts v - a blessed +0 dagger (weapon in hand) Armor e - an uncursed +0 Hawaiian shirt (being worn) q - a blessed +1 pair of jumping boots (being worn) Scrolls l - 4 uncursed scrolls of magic mapping z - an uncursed scroll of identify Potions w - an uncursed potion of fruit juice x - a potion of unholy water Wands y - a wand of make invisible (0:8) Tools m - an expensive camera (0:69) n - an uncursed credit card s - an uncursed bugle A - 7 blessed wax candles (0:400) Spells and supernatural/magical abilities: Name Level Category Fail Memory W - pray for help -- divine ? -- Y - supernatural jump -- ability ? -- Your skills at the end: Fighting Skills Weapon Skills dagger [Basic] dart [Basic] Spellcasting Skills Final Attributes: You were piously aligned. You saw invisible. You could jump. You are dead. Vanquished creatures: 2 rock moles a gnome lord a rothe a rabid rat a wererat a gas spore 2 manes 2 large kobolds 3 giant rats a yellow mold 3 gnomes a gnome zombie 3 geckos 4 jackals 2 kobolds 3 goblins 4 sewer rats 5 grid bugs 3 lichens 4 newts 47 creatures vanquished. Voluntary challenges: You were an atheist. You used a wielded weapon 35 times, starting on turn 1165. You read items or engraved 25 times, starting on turn 1259. You never genocided any monsters. You never polymorphed an object. You never changed form. You used no wishes. You never split a pudding. You wrote Elbereth's name 23 times, starting on turn 1535. You never violated your personal moral code. Dungeon overview: The Dungeons of Doom: levels 1 to 4 Level 1 a fountain a long staircase Level 2 a weapon shop, a fountain Level 3 Level 4 <- You were here a sink stairs to The Gnomish Mines The Gnomish Mines: Level 5 stairs to The Dungeons of Doom History has recorded: On T:1 you entered the Dungeons of Doom to retrieve the Amulet of Yendor! On T:409 you advanced to experience level 2. On T:441 you reached level 2 of The Dungeons of Doom. On T:624 you advanced to experience level 3. On T:806 you reached level 3 of The Dungeons of Doom. On T:1165 you advanced to experience level 4. On T:1262 you reached level 4 of The Dungeons of Doom. On T:1608 you advanced to experience level 5. On T:1974 you reached level 1 of The Gnomish Mines. Score breakdown: Gold: 331 ( 8576 points) Experience: 5 levels (11141 points) Exploration: 5 levels ( 10.20%) ( 8660 points) Discoveries: 1 item ( 0.34%) ( 1737 points) Valuables value: (no points given unless you survive) Artifact value: 0 ( 0 points) Variety of kills: 20 monsters ( 5.25%) ( 6873 points) Turncount: 2385 turns ( -261 points) Survival: died (score multiplied by 80%) Total score: 29380 Latest messages: u - 4 darts. The giant ant bites! You write in the dust with your fingers. You add to the writing in the dust with your fingers. (6x) You write in the dust with your fingers. You add to the writing in the dust with your fingers. (13x) You feel agile! You must have been working on your reflexes. You are beginning to feel hungry. You stop waiting. There is a long staircase up here. You see here a poisoned arrow. The gnome lord shoots 2 poisoned arrows! You are hit by the 1st poisoned arrow! You are hit by the 2nd poisoned arrow. Something is written here in the dust. You read: "El=?re?hElberethElberethElbe?ethElberet?ElberethElbereth". a - 8 +2 darts (in quiver). The giant ant bites! You hit the giant ant. The giant ant bites! The hill orc wields a curved sword! You hit the giant ant. The giant ant bites! You die... Final status: Aloha bitch the Tourist, killed by a giant ant... You died in The Dungeons of Doom on dungeon level 4 with 29380 points, and 659 pieces of gold, after 2385 moves. You were level 5 with a maximum of 55 hit points when you died.